 Dungeon Crawl Stone Soup version 0.28.0-53-g5a82cb258f (webtiles) character file.

Game seed: 10470841469647951616

95 kevvvv the Cudgeller (level 4, -3/27 HPs)
             Began as a Gargoyle Gladiator on July 16, 2022.
             Slain by an orc
             ... wielding a +0 flail
              (7 damage)
             ... on level 3 of the Dungeon.
             The game lasted 00:24:20 (1798 turns).

kevvvv the Cudgeller (Gargoyle Gladiator)           Turns: 1798, Time: 00:24:20

Health: -3/27      AC:  6    Str: 26    XL:     4   Next: 65%
Magic:  4/4        EV: 12    Int:  8    God:
Gold:   117        SH:  0    Dex: 11    Spells: 3/3 levels left

rFire   . . .      SeeInvis .   i - staff of air
rCold   . . .      Faith    .   (no shield)
rNeg    + . .      Spirit   .   e - +0 robe
rPois   ∞          Reflect  .   c - +0 helmet
rElec   +          Harm     .   (no cloak)
rCorr   .          Rampage  .   (no gloves)
Will    .....                   (no boots)
Stlth   ++........              (no amulet)
HPRegen 0.09/turn               f - +6 ring of strength
MPRegen 0.09/turn               (no ring)

@: flying
A: sickness immunity, AC +3, negative energy resistance 1, electricity
resistance, torment resistance 1, petrification resistance
a: no special abilities


You were on level 3 of the Dungeon.
You visited 1 branch of the dungeon, and saw 3 of its levels.

You collected 117 gold pieces.

Inventory:

Hand Weapons
 a - a +1 flail
Missiles
 d - 3 throwing nets (quivered)
 g - 21 arrows
Armour
 b - a +0 leather armour
 c - a +0 helmet (worn)
 e - a +0 robe (worn)
Magical Staves
 i - a staff of air (weapon)
Jewellery
 f - a +6 ring of strength (left hand)
Wands
 j - a wand of polymorph (10)


   Skills:
 + Level 2.7 Fighting
 + Level 4.1 Maces & Flails
 + Level 1.8 Throwing
 + Level 0.1 Armour
 + Level 3.1 Dodging
 + Level 1.2 Stealth


You had 3 spell levels left.
You didn't know any spells.
Your spell library contained the following spells:

 Spells                   Type           Power      Damage    Failure   Level
 Corpse Rot               Necr/Air       0%         N/A       54%         2
 Poisonous Vapours        Pois/Air       0%         N/A       54%         2


Dungeon Overview and Level Annotations

Branches:
Dungeon (3/15)

Altars:

Shops:
D:2 [


Innate Abilities, Weirdness & Mutations

You are immune to sickness and miasma.
Your stone body is resilient. (AC +3)
You are immune to poison.
You resist negative energy. (rN+)
You are resistant to electric shocks. (rElec)
You are resistant to unholy torment.
You are immune to petrification.


Message History

You thump the dart slug!
You kill the dart slug!
A hobgoblin comes into view.
Found 5 poisoned darts.
The hobgoblin moves out of view.
An orc wizard comes into view. It is wielding a +0 dagger.
The orc wizard shouts!
You hear a shout!
An orc comes into view. It is wielding a +0 trident.
It was a potion of flight.
You feel very buoyant.
You fly up into the air.
An orc comes into view. It is wielding a +0 flail.
Aiming: Polymorph
Press: ? - help, Shift-Dir - straight line, f - orc wizard
Aim: an orc wizard, wielding a +0 dagger and wearing a +0 robe (will become a howler monkey, a jelly, or a rat, chance to affect: 49%)
Okay, then.
An orc priest and an orc come into view.
The orc priest is wielding a +1 mace of draining.
The orc shouts!
The orc priest shouts!
The orc wizard barely misses you.
The orc priest moves out of view.
You sock the orc wizard!
The orc wizard is almost dead.
The orc wizard gestures at you while chanting.
The puff of flame misses you.
You thump the orc wizard!
You kill the orc wizard!
The orc hits you with a +0 flail!
Your Maces & Flails skill increases to level 4!
You barely miss the orc. The orc hits you with a +0 flail!
You barely miss the orc priest. The orc closely misses you.
The orc priest closely misses you.
You sock the orc priest!
The orc priest is heavily wounded.
The orc hits you but does no damage. The orc hits you with a +0 flail.
* * * LOW HITPOINT WARNING * * *
The orc priest barely misses you.
The orc hits you from afar with a +0 trident.
* * * LOW HITPOINT WARNING * * *
i - a staff of air (weapon)
The orc hits you with a +0 flail!
You die...

#.# ...# #.#
###.#
#.####....#
#......#
########...#
##...# ##.#.#
##.....##..#.#
#.........##.#
#......@### .#
#.....oo# .#
##....o## ..
#...(.o ##
#......
#......
##..... ##...#


You could see an orc priest and 3 orcs.

Vanquished Creatures
  An orc wizard (D:3)
  2 adders
  3 dart slugs
  4 ball pythons
  8 bats
  5 endoplasms
  6 goblins
  2 hobgoblins
  2 jackals (D:1)
  A quokka (D:1)
  A frilled lizard (D:1)
  7 kobolds
  2 rats
44 creatures vanquished.

Vanquished Creatures (others)
  3 fungi (D:1)
  3 plants (D:1)
6 creatures vanquished.

Grand Total: 50 creatures vanquished

Notes
Turn   | Place    | Note
-------+----------+-------------------------------------------
     0 | D:1      | kevvvv the Gargoyle Gladiator began the quest for the Orb.
     0 | D:1      | Reached XP level 1. HP: 12/12 MP: 1/1
    68 | D:1      | Reached XP level 2. HP: 13/18 MP: 2/2
   284 | D:1      | Found a faded altar of an unknown god.
   625 | D:1      | Reached XP level 3. HP: 10/22 MP: 3/3
  1129 | D:2      | Found Wat Lubru's Antique Armour Shoppe.
  1698 | D:3      | Reached skill level 1 in Stealth
  1698 | D:3      | Reached XP level 4. HP: 27/27 MP: 4/4
  1795 | D:3      | Reached skill level 4 in Maces & Flails
  1798 | D:3      | Slain by an orc

Illustrated notes

Levels and vault maps discovered:
D:1:      minmay_arrival_cross, layout_loops_ring,
          shapermc_ecumenical_altar_mp_urbaneastern
D:2:      layout_loops_cross, serial_co_window_serial, co_window_corner_a,
          co_window_of_opportunity_a, co_window_paths_a, co_window_paths_b,
          co_window_cross_1, co_window_corner_ca, co_window_of_opportunity_b,
          co_window_corner_b, co_window_broadway_b, co_window_cross_2,
          co_window_sun, serial_shops, shop
D:3:      layout_rooms

Skill      XL: |  1  2  3  4 |
---------------+-------------+-----
Dodging        | 3 |  3.1
Stealth        | 1 |  1.2
Maces & Flails | 4 |  4.1
Fighting       | |  2.7
Throwing       | |  1.8
Armour         | |  0.1

Action                   |  1- 3 |  4- 6 || total
-------------------------+-------+-------++-------
Melee: Flail             |   124 |    12 ||   136
       Punch             |     1 |       ||     1
Throw: Throwing net      |     2 |       ||     2
  Use: Scroll            |     2 |     1 ||     3
       Potion            |     1 |     1 ||     2
 Stab: Sleeping          |       |     1 ||     1
Armor: Leather armour    |    13 |       ||    13
       Robe              |    43 |     5 ||    48
Dodge: Dodged            |    85 |    13 ||    98
